 Dungeon Crawl Stone Soup version 0.21-a0-504-g2eda330 (webtiles) character file.

1031 Megalobster the Covert (level 8, -2/36 HPs)
             Began as a Spriggan Enchanter on Nov 26, 2017.
             Was an Initiate of Nemelex Xobeh.
             Slain by an orc warrior (16 damage)
             ... on level 5 of the Dungeon.
             The game lasted 00:20:12 (7315 turns).

Megalobster the Covert (Spriggan Enchanter)         Turns: 7315, Time: 00:20:13

Health: -2/36      AC:  4    Str:  6    XL:     8   Next: 3%
Magic:  3/15       EV: 20    Int: 16    God:    Nemelex Xobeh [......]
Gold:   332        SH:  0    Dex: 17    Spells: 3/16 levels left

rFire    . . .     SeeInvis +   s - +3 dagger (venom)
rCold    . . .     Gourm    .   (shield restricted)
rNeg     . . .     Faith    .   b - +1 robe
rPois    .         Spirit   .   (helmet restricted)
rElec    .         Reflect  .   F - +0 cloak
rCorr    +         Harm     .   (gloves unavailable)
MR       +....                  (boots unavailable)
Stlth    ++++......             I - amulet of inaccuracy (curse)
HPRegen  0.12/turn              A - ring of resist corrosion (curse)
MPRegen  0.14/turn              (no ring)

@: very slightly contaminated, very quick
A: very small, unfitting armour, see invisible, herbivore 3, speed 3, slow
metabolism 2
a: Renounce Religion


You were on level 5 of the Dungeon.
You worshipped Nemelex Xobeh.
Nemelex Xobeh was noncommittal.
You were not hungry.

You visited 2 branches of the dungeon, and saw 7 of its levels.

You collected 332 gold pieces.

Inventory:

Hand Weapons
 a - a +2 dagger
 h - a +0 short sword of venom
 s - a +3 dagger of venom (weapon)
 w - the +5 trident of Gahan {venom, Int+2, unknown}
   (You found it on level 4 of the Dungeon)

   It poisons the flesh of those it strikes.
   It affects your intelligence (+2).
Missiles
 x - 4 tomahawks (quivered)
 J - 8 javelins
Armour
 b - a +1 robe (worn)
 y - a cursed +0 buckler
 F - a +0 cloak (worn)
Jewellery
 A - a cursed ring of resist corrosion (left hand)
 I - a cursed amulet of inaccuracy (around neck)
Wands
 l - a wand of flame (50)
Scrolls
 n - a scroll of enchant weapon
 p - a scroll of teleportation
 r - a scroll of immolation
 u - 3 scrolls of fog
 B - a scroll of magic mapping {unknown}
 E - a scroll of blinking {unknown}
Potions
 e - a potion of agility
 f - 2 potions of haste
 g - a potion of brilliance {unknown}
 i - 3 potions of lignification
 j - 2 potions of curing
 k - a potion of resistance {unknown}
 o - a potion of might {unknown}
 q - 3 potions of heal wounds
 t - 2 potions of ambrosia
 v - a potion of degeneration {unknown}
 z - a potion of mutation {unknown}
 G - 2 potions of berserk rage {unknown}
Books
 c - a book of Maledictions

   Spells                             Type                      Level
   a - Corona                         Hexes                        1
   b - Ensorcelled Hibernation        Hexes/Ice                    2
   c - Confuse                        Hexes                        3
   d - Tukima's Dance                 Hexes                        3
   e - Dazzling Spray                 Conjuration/Hexes            3
 m - a book of Cantrips

   Spells                             Type                      Level
   a - Confusing Touch                Hexes                        1
   b - Animate Skeleton               Necromancy                   1
   c - Summon Small Mammal            Summoning                    1
   d - Apportation                    Translocation                1
 C - a book of Battle

   Spells                             Type                      Level
   a - Infusion                       Charms                       1
   b - Shroud of Golubria             Charms/Translocation         2
   c - Song of Slaying                Charms                       2
   d - Spectral Weapon                Hexes/Charms                 3
   e - Regeneration                   Charms/Necromancy            3
 H - a book of Minor Magic

   Spells                             Type                      Level
   a - Magic Dart                     Conjuration                  1
   b - Blink                          Translocation                2
   c - Call Imp                       Summoning                    2
   d - Slow                           Hexes                        2
   e - Conjure Flame                  Conjuration/Fire             3
   f - Mephitic Cloud                 Conjuration/Poison/Air       3
 K - a book of Callings

   Spells                             Type                      Level
   a - Summon Small Mammal            Summoning                    1
   b - Call Imp                       Summoning                    2
   c - Call Canine Familiar           Summoning                    3
   d - Summon Guardian Golem          Hexes/Summoning              3
   e - Summon Lightning Spire         Summoning/Air                4
   f - Summon Ice Beast               Ice/Summoning                4
Miscellaneous
 D - a plain deck of destruction
Comestibles
 d - a bread ration


   Skills:
 + Level 3.3 Short Blades
 + Level 5.1 Dodging
 * Level 8.1 Stealth
 + Level 4.5 Spellcasting
 * Level 6.4 Hexes
 * Level 2.0 Invocations
 * Level 4.7 Evocations


You had 3 spell levels left.
You knew the following spells:

 Your Spells              Type           Power        Failure   Level  Hunger
a - Corona                Hex            ###....      1%          1    None
b - Ensorcelled Hibernat  Hex/Ice        ##....       6%          2    ##.....
c - Confuse               Hex            ###.....     3%          3    ###....
d - Tukima's Dance        Hex            ###.....     3%          3    ###....
e - Summon Small Mammal   Summ           #...         16%         1    None
f - Dazzling Spray        Conj/Hex       ##....       13%         3    ###....


Dungeon Overview and Level Annotations

Branches:
Dungeon (6/15)             Temple (1/1) D:5

Altars:
Ashenzari
Dithmenos
Elyvilon
Gozag
Hepliaklqana
Kikubaaqudgha
Makhleb
Nemelex Xobeh
Okawaru
Qazlal
Ru
Sif Muna
Trog
Vehumet
Wu Jian
Yredelemnul
Zin
The Shining One


Innate Abilities, Weirdness & Mutations

You are very small and have problems with some larger weapons.
You are too small for most types of armour.
You have supernaturally acute eyesight. (SInv)
You are a herbivore.
You cover ground extremely quickly.
You need consume almost no food.


Message History

Your battleaxe barely misses the orc warrior.
The orc warrior hits you. The orc completely misses you.
You closely miss the orc.
The orc is almost dead.
The orc completely misses you. The orc warrior misses you.
Your dire flail hits the orc!
The orc dies!
You hit the orc.
The orc is moderately wounded.
The orc completely misses you.
Your battleaxe hits the orc.
The orc dies!
Your battleaxe hits the orc warrior! The orc warrior hits you!
You hit the orc warrior but do no damage.
The orc warrior is moderately wounded.
You hit the orc warrior but do no damage.
The orc warrior is poisoned.
The orc warrior is moderately wounded.
The orc warrior hits you!
You die...
Your body disappears without a glow.

.......#............#....######..
...#######.............<...######
......# #.............#.........
......#####..............###..###
......#.....>.........#### ##(###
......#............#..# #[##)
...................#..# #)#).
......#.......(o(..#>.#######)).#
.........b.....[@.............(.#
...................#..>.##..#####
.........).#.#######....##..#
.^.........#.# #..####^##
...##....<.#.# #..# #..#
......#....#.## #..# #.##
.##...........## #..# #.#
.....####...#..# #..###.# .....#
###.##.## #..##..#


You could see an orc warrior and 2 friendly dancing weapons.

Vanquished Creatures
  An orc warrior (D:4)
  An ogre (D:4)
  A centaur (D:5)
  2 bullfrogs (D:6)
  A howler monkey (D:6)
  2 hounds
  Crazy Yiuf (D:5)
  5 orc priests
  2 orc wizards
  Jessica (D:3)
  An iguana (D:5)
  Ijyb (D:3)
  2 worker ants
  A hound zombie (D:6)
  A hound skeleton (D:4)
  Robin (D:3)
  6 adders
  A shadow imp (D:6)
  4 dart slugs
  A leopard gecko (D:2)
  10 orcs
  A ball python (D:3)
  6 bats
  4 giant cockroaches
  13 goblins
  5 hobgoblins
  2 jackals (D:5)
  2 quokkas (D:2)
  A ball python zombie (D:6)
  8 frilled lizards
  A jackal skeleton (D:4)
  7 kobolds
  4 rats
100 creatures vanquished.

Vanquished Creatures (collateral kills)
  An orc priest (D:4)
  5 orcs
6 creatures vanquished.

Vanquished Creatures (others)
  3 dancing weapons (D:4)
  An orc (D:5)
4 creatures vanquished.

Grand Total: 110 creatures vanquished

Notes
Turn   | Place    | Note
-------+----------+-------------------------------------------
     0 | D:1      | Megalobster the Spriggan Enchanter began the quest for the Orb.
     0 | D:1      | Reached XP level 1. HP: 9/9 MP: 5/5
   284 | D:1      | Reached XP level 2. HP: 13/13 MP: 6/6
   288 | D:1      | Learned a level 2 spell: Ensorcelled Hibernation
   730 | D:1      | Reached skill level 5 in Stealth
  1120 | D:2      | Reached XP level 3. HP: 16/16 MP: 8/8
  1125 | D:2      | Learned a level 3 spell: Confuse
  1250 | D:2      | Found a shadowy altar of Dithmenos.
  2025 | D:2      | Found a glowing golden altar of the Shining One.
  2389 | D:3      | Found a bloodstained altar of Trog.
  2411 | D:3      | Noticed Ijyb
  2416 | D:3      | Killed Ijyb
  2416 | D:3      | Reached XP level 4. HP: 21/21 MP: 9/9
  2431 | D:3      | Noticed Jessica
  2438 | D:3      | Killed Jessica
  2480 | D:3      | Reached skill level 1 in Evocations
  2962 | D:3      | Noticed Robin
  3268 | D:3      | Killed Robin
  3268 | D:3      | Reached XP level 5. HP: 22/24 MP: 8/11
  4017 | D:3      | Learned a level 3 spell: Tukima's Dance
  4019 | D:3      | Learned a level 1 spell: Summon Small Mammal
  4416 | D:4      | Noticed an ogre
  4423 | D:4      | Killed an ogre
  4423 | D:4      | Reached skill level 6 in Stealth
  4423 | D:4      | Reached skill level 5 in Hexes
  4494 | D:4      | Got an iridescent trident
  4567 | D:4      | Reached XP level 6. HP: 28/28 MP: 5/12
  4668 | D:4      | Noticed an orc warrior
  4843 | D:4      | Killed an orc warrior
  5531 | D:4      | Reached skill level 7 in Stealth
  5881 | D:5      | Entered Level 5 of the Dungeon
  5884 | D:5      | Reached XP level 7. HP: 32/32 MP: 12/14
  5946 | D:5      | Found a staircase to the Ecumenical Temple.
  5958 | Temple   | Entered the Ecumenical Temple
  5965 | Temple   | Became a worshipper of Nemelex Xobeh the Trickster
  6132 | D:5      | Received a gift from Nemelex Xobeh
  6138 | D:5      | Found an ancient bone altar of Kikubaaqudgha.
  6195 | D:5      | Found a runed door.
  6280 | D:5      | Noticed Crazy Yiuf
  6284 | D:5      | Killed Crazy Yiuf
  6284 | D:5      | Reached skill level 1 in Invocations
  6379 | D:5      | Learned a level 3 spell: Dazzling Spray
  6668 | D:6      | Reached skill level 5 in Dodging
  7144 | D:6      | Reached skill level 8 in Stealth
  7144 | D:6      | Reached XP level 8. HP: 35/36 MP: 15/15
  7315 | D:5      | Slain by an orc warrior

Vault maps used:
D:1:      sevenhm_arrival_forest_fort_small_3
D:2:      grunt_dithmenos_smoke_and_mirrors, serial_corexii_hall,
          corexii_hall_statues_x, corexii_hall_statues_t, hex_large,
          grunt_decor_cap, tso_altar
D:3:      bloody_trog, uniq_jessica, uniq_robin, uniq_ijyb
D:4:      guppyfry_early_orc_mine
D:5:      kiku_gazebo_garden_becter, minmay_temple_entry_butterflies,
          first_bread, uniq_crazy_yiuf_cottage
Temple:   minmay_freezing_vapour_temple

Skill      XL: |  1  2  3  4  5  6  7 |
---------------+----------------------+-----
Hexes          | 4 5 6 |  6.4
Stealth        | 5 6 7 8 |  8.1
Spellcasting   | 3 4 |  4.5
Evocations     | 1 2 3 4 |  4.7
Short Blades   | 2 3 |  3.3
Dodging        | 4 5 |  5.1
Invocations    | 2 |  2.0

Action                   |  1- 3 |  4- 6 |  7- 9 || total
-------------------------+-------+-------+-------++-------
Melee: Dagger            |   116 |   131 |   127 ||   374
 Cast: Corona            |     1 |       |       ||     1
       Ensorcelled Hiber |     6 |    10 |     8 ||    24
       Confuse           |     2 |    12 |     9 ||    23
       Tukima's Dance    |       |    16 |     6 ||    22
  Use: Scroll            |     3 |     6 |     3 ||    12
       Potion            |       |     1 |       ||     1
 Stab: Sleeping          |    18 |    12 |     6 ||    36
       Distracted        |       |     1 |     1 ||     2
       Confused          |       |     4 |     1 ||     5
  Eat: Fruit             |       |     2 |       ||     2
       Royal jelly       |       |     2 |       ||     2
       Bread ration      |       |       |     1 ||     1
Armor: Robe              |    12 |    12 |    22 ||    46
Dodge: Dodged            |    93 |   105 |   137 ||   335

Table legend:
 A = Spawn XP
 B = Non-spawn XP
 C = Spawn XP percentage of total XP
 D = Spawn monster count
 E = Non-spawn monster count
 F = Spawn count percentage of total count
 G = Total turns spent on level
                    A         B        C        D         E        F      G
               +---------+---------+-------+---------+---------+-------+---------
         Total |       0 |    1474 |   0.0 |       0 |     106 |   0.0 |  7315
               +---------+---------+-------+---------+---------+-------+---------
           D:1 |       0 |      38 |   0.0 |       0 |      20 |   0.0 |  1092
           D:2 |       0 |      27 |   0.0 |       0 |      16 |   0.0 |  1802
           D:3 |       0 |     144 |   0.0 |       0 |      21 |   0.0 |  1360
           D:4 |       0 |     503 |   0.0 |       0 |      18 |   0.0 |  1627
           D:5 |       0 |     476 |   0.0 |       0 |      22 |   0.0 |  1161
           D:6 |       0 |     286 |   0.0 |       0 |       9 |   0.0 |   260
               +---------+---------+-------+---------+---------+-------+---------
